SA
BELLEVILLE BULLS @ LEVITTOWN BLUE DRAGONS
07/26/2042
 
TOP OF THE 1ST
Belleville Bulls batting - Pitching for Levittown Blue Dragons : RHP Jacob Sinclair
Pitching: RHP Jacob Sinclair
Batting: SHB Russ King 0-0: Ball
1-0: Ball
2-0: Ground out 6-3 (Groundball, 6M, EV 86.2 MPH)
Batting: LHB Maikel Nelis 0-0: Called Strike
0-1: Called Strike
0-2: Ball
1-2: Ball
2-2: Foul Ball, location: 2F
2-2: Fly out, F9 (Flyball, 89XD, EV 97.5 MPH)
Batting: LHB Román Ramos 0-0: Swinging Strike
0-1: Ball
1-1: Called Strike
1-2: Strikes out looking
Top of the 1st over - 0 runs, 0 hits, 0 errors, 0 left on base; Belleville 0 - Levittown 0
BOTTOM OF THE 1ST
Levittown Blue Dragons batting - Pitching for Belleville Bulls : RHP Joseph Ferguson
Pitching: RHP Joseph Ferguson
Batting: LHB Josh Hall 0-0: SINGLE (Groundball, 4D, EV 109.4 MPH)
Batting: LHB Ernesto Valenzuela 0-0: Ball
1-0: Called Strike
1-1: Ball
2-1: Ball
3-1: Foul Ball, location: 2F
3-2: Strikes out swinging
Batting: RHB Frans Lissenberg 0-0: Ball
1-0: Ball
2-0: Fly out, F8 (Flyball, 8LS, EV 89.4 MPH)
Batting: RHB Aaron Attyte 0-0: Ball
1-0: Ball
2-0: Ball
3-0: Base on Balls
Josh Hall to second
Batting: RHB Carl Bailey 0-0: Swinging Strike
0-1: Ground out 5-3 (Groundball, 56S, EV 83.1 MPH)
Bottom of the 1st over - 0 runs, 1 hit, 0 errors, 2 left on base; Belleville 0 - Levittown 0
TOP OF THE 2ND
Belleville Bulls batting - Pitching for Levittown Blue Dragons : RHP Jacob Sinclair
Batting: SHB Kenny Dixon 0-0: Fly out, F8 (Flyball, 8RM, EV 84.4 MPH)
Batting: LHB Juan Romero 0-0: Called Strike
0-1: Fly out, F8 (Flyball, 8RS, EV 86.2 MPH)
Batting: RHB Ed Dimock 0-0: SINGLE (Groundball, 6MD, EV 98.1 MPH)
Batting: SHB Geoffrey Richardson 0-0: Foul Ball, location: 2F
0-1: Foul Ball, location: 2F
0-2: SINGLE (Groundball, 4MD, EV 98.1 MPH)
Ed Dimock to second
Batting: LHB Abdul-Alim Nadeem 0-0: Ball
1-0: Ball
2-0: Ball
3-0: Called Strike
3-1: Foul Ball, location: 2F
3-2: Ground out 2-3 (Groundball, 15S, EV 69.4 MPH)
Top of the 2nd over - 0 runs, 2 hits, 0 errors, 2 left on base; Belleville 0 - Levittown 0
BOTTOM OF THE 2ND
Levittown Blue Dragons batting - Pitching for Belleville Bulls : RHP Joseph Ferguson
Batting: LHB Norm Williams 0-0: Ball
1-0: Called Strike
1-1: Ground out U3 (Groundball, 3, EV 83.1 MPH)
Batting: RHB Abednego Ashpenaz 0-0: Swinging Strike
0-1: Ball
1-1: Ball
2-1: Swinging Strike
2-2: Ground out 6-3 (Groundball, 6, EV 86.9 MPH)
Batting: SHB Daniel Washington 0-0: Foul Ball, location: 2F
0-1: Ball
1-1: Called Strike
1-2: Ball
2-2: DOUBLE (Line Drive, 78D, EV 102.5 MPH)
Batting: SHB Luis Miguel Garza 0-0: Swinging Strike
0-1: Called Strike
0-2: Strikes out looking
Bottom of the 2nd over - 0 runs, 1 hit, 0 errors, 1 left on base; Belleville 0 - Levittown 0
TOP OF THE 3RD
Belleville Bulls batting - Pitching for Levittown Blue Dragons : RHP Jacob Sinclair
Batting: LHB Steve Burnett 0-0: Ball
1-0: Called Strike
1-1: Called Strike
1-2: Foul Ball, location: 2F
1-2: Strikes out swinging
Batting: SHB Russ King 0-0: Hit by Pitch
Batting: LHB Maikel Nelis 0-0: Ball
1-0: Ball
2-0: Foul Ball, location: 2F
2-1: Foul Ball, location: 2F
2-2: Strikes out swinging
Batting: LHB Román Ramos 0-0: Called Strike
0-1: Fly out, F8 (Flyball, 8RM, EV 96.9 MPH)
Top of the 3rd over - 0 runs, 0 hits, 0 errors, 1 left on base; Belleville 0 - Levittown 0
BOTTOM OF THE 3RD
Levittown Blue Dragons batting - Pitching for Belleville Bulls : RHP Joseph Ferguson
Batting: LHB Josh Hall 0-0: Ball
1-0: Ball
2-0: Called Strike
2-1: Foul Ball, location: 2F
2-2: Foul Ball, location: 2F
2-2: Ball
3-2: Strikes out swinging
Batting: LHB Ernesto Valenzuela 0-0: Ball
1-0: Ball
2-0: Fly out, F7 (Flyball, 7S, EV 88.1 MPH)
Batting: RHB Frans Lissenberg 0-0: Foul Ball, location: 2F
0-1: Swinging Strike
0-2: Ball
1-2: Ball
2-2: Strikes out looking
Bottom of the 3rd over - 0 runs, 0 hits, 0 errors, 0 left on base; Belleville 0 - Levittown 0
TOP OF THE 4TH
Belleville Bulls batting - Pitching for Levittown Blue Dragons : RHP Jacob Sinclair
Batting: SHB Kenny Dixon 0-0: Foul Ball, location: 2F
0-1: Ball
1-1: Foul Ball, location: 2F
1-2: Strikes out swinging
Batting: LHB Juan Romero 0-0: Called Strike
0-1: Swinging Strike
0-2: Ball
1-2: Strikes out looking
Batting: RHB Ed Dimock 0-0: Ball
1-0: Called Strike
1-1: Ground out 5-3 (Groundball, 56S, EV 69.4 MPH)
Top of the 4th over - 0 runs, 0 hits, 0 errors, 0 left on base; Belleville 0 - Levittown 0
BOTTOM OF THE 4TH
Levittown Blue Dragons batting - Pitching for Belleville Bulls : RHP Joseph Ferguson
Batting: RHB Aaron Attyte 0-0: Ball
1-0: Ball
2-0: Called Strike
2-1: Foul Ball, location: 2F
2-2: SINGLE (Line Drive, 8RS, EV 113.1 MPH)
Batting: RHB Carl Bailey 0-0: Fielders Choice at 2nd, 5-4 (Groundball, 5S, EV 90.6 MPH)
Batting: LHB Norm Williams 0-0: Ball
1-0: Called Strike
1-1: Ball
2-1: Foul Ball, location: 2F
2-2: SINGLE (Groundball, 6MS, EV 65.0 MPH) (infield hit)
Carl Bailey to second
Batting: RHB Abednego Ashpenaz 0-0: Foul Ball, location: 2F
0-1: Called Strike
0-2: Ball
1-2: Ball
2-2: Grounds into double play, 3-6-3 (Groundball, 34, EV 83.8 MPH)
Bottom of the 4th over - 0 runs, 2 hits, 0 errors, 1 left on base; Belleville 0 - Levittown 0
TOP OF THE 5TH
Belleville Bulls batting - Pitching for Levittown Blue Dragons : RHP Jacob Sinclair
Batting: SHB Geoffrey Richardson 0-0: Called Strike
0-1: Ball
1-1: Called Strike
1-2: Strikes out swinging
Batting: LHB Abdul-Alim Nadeem 0-0: Called Strike
0-1: SINGLE (Groundball, 34D, EV 103.1 MPH)
Batting: LHB Steve Burnett 0-0: Foul Ball, location: 2F
0-1: Ball
1-1: SINGLE (Flyball, 7LS, EV 93.1 MPH)
Abdul-Alim Nadeem to second
Batting: SHB Russ King 0-0: Ball
1-0: Foul Ball, location: 2F
1-1: Foul Ball, location: 2F
1-2: Strikes out swinging
Batting: LHB Maikel Nelis 0-0: Ball
1-0: Ball
2-0: Ball
3-0: Called Strike
3-1: Fly out, F7 (Flyball, 78XD, EV 102.5 MPH)
Top of the 5th over - 0 runs, 2 hits, 0 errors, 2 left on base; Belleville 0 - Levittown 0
BOTTOM OF THE 5TH
Levittown Blue Dragons batting - Pitching for Belleville Bulls : RHP Joseph Ferguson
Batting: SHB Daniel Washington 0-0: Ball
1-0: Ball
2-0: Called Strike
2-1: Ground out U3 (Groundball, 3, EV 97.5 MPH)
Batting: SHB Luis Miguel Garza 0-0: Called Strike
0-1: Swinging Strike
0-2: Strikes out swinging
Batting: LHB Josh Hall 0-0: Ball
1-0: Ball
2-0: Ball
3-0: Base on Balls
Batting: LHB Ernesto Valenzuela 0-0: Ball
1-0: Ball
2-0: TRIPLE (Flyball, 89XD, EV 100.6 MPH)
Josh Hall scores
Batting: RHB Frans Lissenberg 0-0: Ball
1-0: Foul Ball, location: 2F
1-1: Foul Ball, location: 2F
1-2: Fly out, F5 (Popup, 56, EV 67.5 MPH)
Bottom of the 5th over - 1 run, 1 hit, 0 errors, 1 left on base; Belleville 0 - Levittown 1
TOP OF THE 6TH
Belleville Bulls batting - Pitching for Levittown Blue Dragons : RHP Jacob Sinclair
Batting: LHB Román Ramos 0-0: Foul Ball, location: 2F
0-1: Ball
1-1: Ball
2-1: Fly out, F7 (Line Drive, 78M, EV 85.0 MPH)
Batting: SHB Kenny Dixon 0-0: Called Strike
0-1: Swinging Strike
0-2: Ball
1-2: Strikes out swinging
Batting: LHB Juan Romero 0-0: Ball
1-0: Foul Ball, location: 2F
1-1: Swinging Strike
1-2: Strikes out swinging
Top of the 6th over - 0 runs, 0 hits, 0 errors, 0 left on base; Belleville 0 - Levittown 1
BOTTOM OF THE 6TH
Levittown Blue Dragons batting - Pitching for Belleville Bulls : RHP Joseph Ferguson
Batting: RHB Aaron Attyte 0-0: Called Strike
0-1: Swinging Strike
0-2: Foul Ball, location: 2F
0-2: Ball
1-2: Ground out U3 (Groundball, 3, EV 88.8 MPH)
Batting: RHB Carl Bailey 0-0: Called Strike
0-1: Ball
1-1: Ball
2-1: Foul Ball, location: 2F
2-2: Foul Ball, location: 2F
2-2: Foul Ball, location: 2F
2-2: SINGLE (Groundball, 4D, EV 98.1 MPH)
Batting: LHB Norm Williams 0-0: Called Strike
0-1: Called Strike
0-2: Ball
Wild Pitch!
Carl Bailey to second
1-2: Fly out, F9 (Flyball, 9S, EV 79.4 MPH)
Batting: RHB Abednego Ashpenaz 0-0: Ball
1-0: Foul Ball, location: 2F
1-1: Called Strike
1-2: Fly out, F5 (Line Drive, 5, EV 76.2 MPH)
Bottom of the 6th over - 0 runs, 1 hit, 0 errors, 1 left on base; Belleville 0 - Levittown 1
TOP OF THE 7TH
Belleville Bulls batting - Pitching for Levittown Blue Dragons : RHP Jacob Sinclair
Batting: RHB Ed Dimock 0-0: SINGLE (Groundball, 6MD, EV 100.0 MPH)
Batting: SHB Geoffrey Richardson 0-0: Ball
1-0: Bunted foul
1-1: Bunted foul
1-2: Fly out, F8 (Flyball, 8RXD, EV 95.6 MPH)
Batting: LHB Abdul-Alim Nadeem 0-0: Reached on error, E6 (Groundball, 6, EV 103.8 MPH)
Ed Dimock to second
Batting: LHB Steve Burnett 0-0: Called Strike
0-1: SINGLE (Groundball, 3, EV 80.6 MPH) (infield hit)
Ed Dimock to third
Abdul-Alim Nadeem to second
Batting: SHB Russ King 0-0: Called Strike
0-1: Foul Ball, location: 2F
0-2: Ball
Wild Pitch!
Ed Dimock scores
Abdul-Alim Nadeem to third
Steve Burnett to second
1-2: SINGLE (Line Drive, 8RS, EV 109.4 MPH)
Abdul-Alim Nadeem scores
Steve Burnett to third
Runner from 3rd tries for Home, SAFE, no throw by CF
Batting: LHB Maikel Nelis 0-0: Called Strike
0-1: Ball
Russ King steals 2nd base
1-1: Foul Ball, location: 2F
1-2: Ball
2-2: Ball
3-2: Base on Balls
Pitching: RHP Rafael Ramos
Batting: LHB Román Ramos 0-0: Called Strike
Russ King steals 3rd base
Maikel Nelis to second
0-1: Ball
1-1: Intentional Walk
Batting: SHB Kenny Dixon 0-0: Swinging Strike
0-1: Swinging Strike
0-2: Strikes out swinging
Batting: LHB Juan Romero 0-0: Ball
1-0: Ball
2-0: Called Strike
2-1: Ball
3-1: Foul Ball, location: 2F
3-2: Base on Balls
Russ King scores
Maikel Nelis to third
Román Ramos to second
Batting: RHB Ed Dimock 0-0: SINGLE (Groundball, 34D, EV 97.5 MPH)
Maikel Nelis scores
Román Ramos to third
Juan Romero to second
Runner from 3rd tries for Home, SAFE, no throw by RF
Batting: SHB Geoffrey Richardson 0-0: Foul Ball, location: 2F
0-1: Ground out 4-3 (Groundball, 34D, EV 88.1 MPH)
Top of the 7th over - 6 runs, 4 hits, 1 error, 2 left on base; Belleville 6 - Levittown 1
BOTTOM OF THE 7TH
Levittown Blue Dragons batting - Pitching for Belleville Bulls : RHP Joseph Ferguson
Pitching: RHP Stefan Bomas
Batting: SHB Daniel Washington 0-0: Ground out 3-1 (Groundball, 34, EV 83.1 MPH)
Batting: SHB Luis Miguel Garza 0-0: Foul Ball, location: 2F
0-1: Ball
1-1: Ball
2-1: Ball
3-1: Foul Ball, location: 2F
3-2: Base on Balls
Batting: LHB Josh Hall 0-0: Ball
1-0: Ball
2-0: Foul Ball, location: 2F
2-1: Foul Ball, location: 2F
2-2: Hit by Pitch
Luis Miguel Garza to second
Batting: LHB Ernesto Valenzuela 0-0: Ball
1-0: Fly out, F8 (Flyball, 8LD, EV 83.8 MPH)
Batting: RHB Frans Lissenberg 0-0: Ball
1-0: Foul Ball, location: 2F
1-1: Foul Ball, location: 2F
1-2: Ball
2-2: Ball
3-2: Base on Balls
Luis Miguel Garza to third
Josh Hall to second
Batting: RHB Aaron Attyte 0-0: Ball
1-0: Ball
2-0: Ball
3-0: Base on Balls
Luis Miguel Garza scores
Josh Hall to third
Frans Lissenberg to second
Batting: RHB Carl Bailey 0-0: Fielders Choice at 2nd, U4 (Groundball, 4M, EV 100.6 MPH)
Bottom of the 7th over - 1 run, 0 hits, 0 errors, 3 left on base; Belleville 6 - Levittown 2
TOP OF THE 8TH
Belleville Bulls batting - Pitching for Levittown Blue Dragons : RHP Rafael Ramos
Batting: LHB Abdul-Alim Nadeem 0-0: Ball
1-0: Foul Ball, location: 2F
1-1: Ball
2-1: Swinging Strike
2-2: Fly out, F7 (Flyball, 7D, EV 90.0 MPH)
Batting: LHB Steve Burnett 0-0: Called Strike
0-1: Ball
1-1: Hit by Pitch
Batting: SHB Russ King 0-0: Called Strike
0-1: Ball
1-1: Called Strike
1-2: Fly out, F7 (Flyball, 7S, EV 86.9 MPH)
Batting: LHB Maikel Nelis 0-0: Called Strike
0-1: Ball
1-1: Foul Ball, location: 2F
1-2: Ball
2-2: Ball
Steve Burnett steals 2nd base
3-2: SINGLE (Groundball, 4MD, EV 108.1 MPH)
Steve Burnett to third
Steve Burnett scores
Batting: LHB Román Ramos 0-0: Called Strike
0-1: Ball
1-1: Ball
2-1: Foul Ball, location: 2F
2-2: Ball
3-2: Strikes out looking
Top of the 8th over - 1 run, 1 hit, 0 errors, 1 left on base; Belleville 7 - Levittown 2
BOTTOM OF THE 8TH
Levittown Blue Dragons batting - Pitching for Belleville Bulls : RHP Stefan Bomas
Batting: LHB Norm Williams 0-0: Called Strike
0-1: Ball
1-1: Foul Ball, location: 2F
1-2: Ground out 1-3 (Groundball, 34S, EV 70.0 MPH)
Batting: RHB Abednego Ashpenaz 0-0: Called Strike
0-1: Ball
1-1: SINGLE (Line Drive, 5D, EV 103.8 MPH)
Batting: SHB Daniel Washington 0-0: Ball
1-0: Fly out, F8 (Flyball, 8LM, EV 88.1 MPH)
Batting: SHB Luis Miguel Garza 0-0: Called Strike
0-1: Ground out 4-3 (Groundball, 4, EV 105.6 MPH)
Bottom of the 8th over - 0 runs, 1 hit, 0 errors, 1 left on base; Belleville 7 - Levittown 2
TOP OF THE 9TH
Belleville Bulls batting - Pitching for Levittown Blue Dragons : RHP Rafael Ramos
Batting: SHB Kenny Dixon 0-0: Called Strike
0-1: Ball
1-1: Ball
2-1: DOUBLE (Flyball, 78XD, EV 105.0 MPH)
Pitching: LHP Yong-chik Pak
Batting: LHB Juan Romero 0-0: Ball
1-0: Ball
2-0: Called Strike
2-1: Called Strike
2-2: Strikes out looking
Batting: RHB Ed Dimock 0-0: Called Strike
0-1: Swinging Strike
0-2: Foul Ball, location: 2F
0-2: Fly out, F8 (Line Drive, 8LM, EV 88.8 MPH)
Batting: SHB Geoffrey Richardson 0-0: Called Strike
0-1: Ball
1-1: DOUBLE (Line Drive, 89XD, EV 101.9 MPH)
Kenny Dixon scores
Batting: LHB Abdul-Alim Nadeem 0-0: Ball
1-0: Ball
2-0: Foul Ball, location: 2F
2-1: Ball
3-1: Called Strike
3-2: Strikes out swinging
Top of the 9th over - 1 run, 2 hits, 0 errors, 1 left on base; Belleville 8 - Levittown 2
BOTTOM OF THE 9TH
Levittown Blue Dragons batting - Pitching for Belleville Bulls : RHP Stefan Bomas
Batting: LHB Josh Hall 0-0: SINGLE (Line Drive, 89S, EV 106.2 MPH)
Batting: LHB Ernesto Valenzuela 0-0: Foul Ball, location: 2F
0-1: Ball
1-1: Called Strike
1-2: Ball
2-2: SINGLE (Flyball, 9S, EV 90.6 MPH)
Josh Hall to second
Batting: RHB Frans Lissenberg 0-0: Foul Ball, location: 2F
0-1: Called Strike
0-2: Ball
1-2: Foul Ball, location: 2F
1-2: Fielders Choice at 2nd, 6-4 (Groundball, 6, EV 90.0 MPH)
Josh Hall to third
Batting: RHB Aaron Attyte 0-0: Ball
1-0: Ball
2-0: Ball
3-0: Called Strike
3-1: Base on Balls
Frans Lissenberg to second
Batting: RHB Carl Bailey 0-0: DOUBLE (Line Drive, 78D, EV 106.2 MPH)
Josh Hall scores
Frans Lissenberg scores
Aaron Attyte to third
Pitching: LHP Wayne Daugherty
Batting: LHB Norm Williams 0-0: Ball
1-0: Ground out 4-3 (Groundball, 4, EV 106.9 MPH)
Aaron Attyte scores
Carl Bailey to third
Batting: RHB Abednego Ashpenaz 0-0: Ball
1-0: Foul Ball, location: 2F
1-1: Ball
2-1: Foul Ball, location: 2F
2-2: Ball
3-2: Base on Balls
Pinch Hitting: RHB An-yi Zhou 0-0: Ball
1-0: Swinging Strike
1-1: Ball
2-1: Foul Ball, location: 2F
2-2: Foul Ball, location: 2F
2-2: Foul Ball, location: 2F
2-2: Foul Ball, location: 2F
2-2: Ball
3-2: Base on Balls
Abednego Ashpenaz to second
Pinch Hitting: RHB Jim Ellis 0-0: Ball
1-0: Called Strike
1-1: Ground out U3 (Groundball, 3S, EV 83.8 MPH)
Bottom of the 9th over - 3 runs, 3 hits, 0 errors, 3 left on base; Belleville 8 - Levittown 5
Friday, March 26th, 2021 - OOTP Baseball 20.8 Build 74